 Dungeon Crawl Stone Soup version 0.23.0 (webtiles) character file.

Game seed: 6784544355652559548

1236 TheGoonsmith the Chopper (level 8, -5/61 HPs)
             Began as a Formicid Fighter on Feb 24, 2019.
             Was a Follower of Uskayaw.
             Splashed by a jelly's acid (7 damage)
             ... on level 6 of the Dungeon.
             The game lasted 00:11:15 (5868 turns).

TheGoonsmith the Chopper (Formicid Fighter)         Turns: 5868, Time: 00:11:16

Health: -5/61      AC: -7    Str: 22    XL:     8   Next: 78%
Magic:  8/8        EV:  6    Int:  9    God:    Uskayaw [*.....]
Gold:   121        SH: 10    Dex: 10    Spells: 7/7 levels left

rFire    . . .     SeeInvis +   d - +0 executioner's axe
rCold    . . .     Gourm    .   c - +0 shield
rNeg     . . .     Faith    .   p - +0 plate armour
rPois    .         Spirit   .   (helmet unavailable)
rElec    .         Reflect  .   (no cloak)
rCorr    .         Harm     .   (no gloves)
MR       .....                  (no boots)
Stlth    ..........             (no amulet)
HPRegen  0.20/turn              (no ring)
MPRegen  0.11/turn              (no ring)

@: corroded
A: permanent stasis, dig shafts and tunnels, four strong arms, antennae 3
a: Dig, Shaft Self, Stomp, Renounce Religion


You were on level 6 of the Dungeon.
You worshipped Uskayaw.
Uskayaw was noncommittal.
You were not hungry.

You visited 1 branch of the dungeon, and saw 6 of its levels.

You collected 251 gold pieces.
You spent 130 gold pieces at shops.

Inventory:

Hand Weapons
 a - a +0 war axe
 d - a +0 executioner's axe (weapon)
Armour
 b - a +0 scale mail
 c - a +0 shield (worn)
 p - a +0 plate armour (worn)
Jewellery
 k - a +2 ring of protection {unknown}
Wands
 u - a wand of iceblast (5)
 w - a wand of scattershot (4)
Scrolls
 g - 2 scrolls of enchant weapon {unknown}
 j - a scroll of blinking {unknown}
 l - 9 scrolls of identify {unknown}
 o - 4 scrolls of remove curse {unknown}
 r - 2 scrolls of teleportation {unknown}
 s - a scroll of fog {unknown}
 t - a scroll of immolation {unknown}
 x - a scroll of brand weapon {unknown}
Potions
 e - 2 potions of heal wounds {unknown}
 h - 5 potions of haste
 i - a potion of lignification {unknown}
 m - 2 potions of curing {unknown}
 n - a potion of degeneration {unknown}
 q - a potion of resistance {unknown}
Comestibles
 f - 9 rations
 v - 7 chunks of flesh


   Skills:
 + Level 4.8 Fighting
 * Level 7.0 Axes
 + Level 5.8 Armour
 - Level 2.0 Dodging
 - Level 6.0 Shields


You had 7 spell levels left.
You didn't know any spells.
Your spell library was empty.

Dungeon Overview and Level Annotations

Branches:
Dungeon (6/15)
 Temple: D:4-7

Altars:
Nemelex Xobeh
Ru
Uskayaw
Yredelemnul

Shops:
D:4 *


Innate Abilities, Weirdness & Mutations

You cannot be hasted, slowed, berserked, paralysed or teleported.
You can dig through walls and to a lower floor.
Your four strong arms can wield two-handed weapons with a shield.
You have a pair of large antennae on your head. (SInv)


Message History

The jelly is almost dead.
You block the jelly's attack. x2
You can no longer pass through a line of other dancers.
You hit the jelly but do no damage. The acid corrodes you!
Your hands burn!
* * * LOW HITPOINT WARNING * * *
The jelly is almost dead.
You block the jelly's attack. The jelly hits you.
* * * LOW HITPOINT WARNING * * *
You are splashed with acid!
* * * LOW HITPOINT WARNING * * *
It was a potion of haste.
Your stasis prevents you from being hasted.
The jelly barely misses you.
You hit the jelly but do no damage.
Your hands burn!
* * * LOW HITPOINT WARNING * * *
The jelly is almost dead.
The jelly hits you.
* * * LOW HITPOINT WARNING * * *
The acid corrodes you!
You are splashed with acid!
You die...

##..##.##.##.##..
#..##...........
#...........#...
####...#####.......
#.........##..##..#
#........"##<. #...
#.........##..##)##
#.###?........##.....#
#.....@.....?.....#..#
####..J.......#####..#
#..........#####..#
#.................##
#.(........#####....
#.######### #.### #.
#.# #. #.# #.#


You could see a jelly.

Vanquished Creatures
  Sigmund (D:4)
  A phantom (D:4)
  2 centaurs (D:4)
  A bullfrog (D:6)
  A scorpion (D:4)
  A howler monkey (D:4)
  A crimson imp (D:5)
  A jelly (D:6)
  5 orc wizards
  3 orc priests
  A bullfrog skeleton (D:4)
  A hound (D:4)
  Jessica (D:2)
  2 worker ants
  A hound zombie (D:5)
  4 adders
  7 gnolls
  An ooze (D:3)
  An adder zombie (D:5)
  4 worms
  2 adder skeletons
  A dart slug (D:1)
  5 leopard geckos
  26 orcs
  9 bats
  5 giant cockroaches
  3 goblins
  5 hobgoblins
  7 jackals
  4 quokkas
  2 ball pythons
  5 frilled lizards
  4 kobolds
  A leopard gecko skeleton (D:5)
  A quokka skeleton (D:6)
  10 rats
130 creatures vanquished.

Notes
Turn   | Place    | Note
-------+----------+-------------------------------------------
     0 | D:1      | TheGoonsmith the Formicid Fighter began the quest for the
                  | Orb.
     0 | D:1      | Reached XP level 1. HP: 18/18 MP: 1/1
    74 | D:1      | Reached XP level 2. HP: 24/24 MP: 2/2
  1040 | D:2      | Reached XP level 3. HP: 19/29 MP: 3/3
  1556 | D:2      | Reached XP level 4. HP: 37/37 MP: 4/4
  1601 | D:2      | Reached skill level 3 in Axes
  1681 | D:2      | Found a sacrificial altar of Ru.
  1964 | D:2      | Noticed Jessica
  1978 | D:2      | Killed Jessica
  2307 | D:3      | Reached XP level 5. HP: 40/42 MP: 5/5
  3246 | D:4      | Noticed a phantom
  3287 | D:4      | Killed a phantom
  3287 | D:4      | Reached skill level 4 in Axes
  3287 | D:4      | Reached XP level 6. HP: 45/48 MP: 6/6
  3332 | D:4      | Reached skill level 5 in Shields
  3358 | D:4      | Reached XP level 7. HP: 51/54 MP: 7/7
  3468 | D:4      | Reached skill level 5 in Axes
  3483 | D:4      | Noticed Sigmund
  3500 | D:4      | Killed Sigmund
  3500 | D:4      | Reached skill level 5 in Armour
  4039 | D:4      | Reached skill level 6 in Axes
  4039 | D:4      | Reached XP level 8. HP: 49/60 MP: 8/8
  4044 | D:4      | Found Hangetz's Mayhem Merchandise.
  4052 | D:4      | Bought a +0 executioner's axe for 130 gold pieces
  4243 | D:5      | Entered Level 5 of the Dungeon
  4543 | D:5      | Reached skill level 1 in Dodging
  4556 | D:5      | Found a hide-covered altar of Uskayaw.
  4703 | D:5      | Became a worshipper of Uskayaw the Reveler
  4866 | D:5      | Reached * piety under Uskayaw
  4872 | D:4      | Reached ** piety under Uskayaw
  4878 | D:4      | Reached *** piety under Uskayaw
  5301 | D:5      | Found a sparkling altar of Nemelex Xobeh.
  5303 | D:5      | Found a basalt altar of Yredelemnul.
  5731 | D:6      | Reached skill level 7 in Axes
  5868 | D:6      | HP: 2/61 [jelly (2)]
  5868 | D:6      | Splashed by a jelly's acid

Skill      XL: |  1  2  3  4  5  6  7  8 |
---------------+-------------------------+-----
Shields        | 4 5 6 |  6.0
Axes           | 3 4 6 7 |  7.0
Fighting       | 4 |  4.8
Armour         | 4 5 |  5.8
Dodging        | 2 |  2.0

Action                   |  1- 3 |  4- 6 |  7- 9 || total
-------------------------+-------+-------+-------++-------
Melee: War axe           |    83 |   174 |    51 ||   308
       Executioner's axe |       |       |   165 ||   165
  Use: Potion            |       |       |     3 ||     3
 Stab: Invisible         |       |       |     1 ||     1
       Paralysed         |       |       |     1 ||     1
  Eat: Chunk             |     2 |     6 |     9 ||    17
Armor: Scale mail        |    30 |    21 |       ||    51
       Plate armour      |       |    59 |   169 ||   228
Dodge: Dodged            |    37 |    41 |    68 ||   146
Block: Shield            |    53 |    93 |   185 ||   331
